 Dungeon Crawl Stone Soup version 0.22-a0-348-gd16d139 (webtiles) character file.

160 Amnesiac the Ducker (level 5, -1/35 HPs)
             Began as a Mummy Wizard on Apr 10, 2018.
             Slain by a bullfrog skeleton (6 damage)
             ... on level 4 of the Dungeon.
             The game lasted 00:03:41 (1364 turns).

Amnesiac the Ducker (Mummy Wizard)                  Turns: 1364, Time: 00:03:41

Health: -1/35      AC:  2    Str: 10    XL:     5   Next: 17%
Magic:  3/11       EV: 15    Int: 18    God:
Gold:   49         SH:  0    Dex: 19    Spells: 1/12 levels left

rFire    x . .     SeeInvis .   c - +0 quarterstaff
rCold    + . .     Gourm    .   (shield currently unavailable)
rNeg     + + +     Faith    .   a - +0 robe
rPois    ∞         Spirit   .   b - +0 hat
rElec    +         Reflect  .   (no cloak)
rCorr    .         Harm     .   (no gloves)
MR       .....                  (no boots)
Stlth    +++.......             (no amulet)
HPRegen  0.11/turn              e - +2 ring of dexterity
MPRegen  0.12/turn              g - ring "Xidauwno" {+Blink rElec Dex+6 Stlth+}

@: very slightly contaminated
A: no food or potions, fire vulnerability, cold resistance 1, negative energy
resistance 3, torment resistance, unbreathing
a: Evoke Blink


You were on level 4 of the Dungeon.
You were not hungry.

You visited 1 branch of the dungeon, and saw 4 of its levels.

You collected 49 gold pieces.

Inventory:

Hand Weapons
 c - a +0 quarterstaff (weapon)
Armour
 a - a +0 robe (worn)
 b - a +0 hat (worn)
Jewellery
 e - a +2 ring of dexterity (left hand)
 g - the ring "Xidauwno" (right hand) {+Blink rElec Dex+6 Stlth+}
   (You found it on level 4 of the Dungeon)

   [ring of stealth]

   It affects your dexterity (+6).
   It insulates you from electricity.
   It lets you blink.
   It makes you more stealthy.
Scrolls
 d - a scroll of remove curse {!r, unknown}
 f - 2 scrolls of fog {!r, unknown}


   Skills:
 + Level 4.4 Dodging
 - Level 1.5 Stealth
 - Level 4.0 Spellcasting
 - Level 1.0 Conjurations
 - Level 0.7 Summonings
 - Level 0.7 Translocations


You had one spell level left.
You knew the following spells:

 Your Spells              Type           Power        Failure   Level  Hunger
a - Magic Dart            Conj           #...         10%         1    N/A
b - Call Imp              Summ           #.......     17%         2    N/A
e - Mephitic Cloud        Conj/Pois/Air  #.......     36%         3    N/A
s - Conjure Flame         Conj/Fire      #.......     34%         3    N/A
v - Blink                 Tloc           N/A          17%         2    N/A

Dungeon Overview and Level Annotations

Branches:
Dungeon (4/15)
 Temple: D:4-7

Altars:


Innate Abilities, Weirdness & Mutations

You do not eat or drink.
Your flesh is vulnerable to fire.
You are immune to poison.
Your flesh is cold resistant. (rC+)
You are immune to negative energy. (rN+++)
You are immune to unholy pain and torment.
You can survive without breathing.


Message History

Your crimson imp blinks!
The phantom blinks!
Put on which piece of jewellery? (? for menu, Esc to quit)
Okay, then.
Your crimson imp disappears in a puff of smoke!
Casting: Call Imp (safe; 17% risk of failure)
Confirm with . or Enter, or press ? or * to list all spells.
A beastly little devil appears in a puff of flame.
The phantom hits your crimson imp!
You hit the phantom but do no damage.
The phantom is severely damaged.
Your crimson imp blinks!
The phantom hits you!
* * * LOW HITPOINT WARNING * * *
The phantom blinks!
What are your orders? t - Shout!
Orders for allies: a - Attack new target. p - Attack previous target. r - Retreat! s - Stop attacking. g - Guard the area. f - Follow me.
Anything else - Cancel.
Gang up on whom?
Press: ? - help, Dir - move target cursor, f/p - phantom
Aim: a phantom (severely damaged) Attack!
The phantom barely misses your crimson imp.
The phantom hits your crimson imp.
The phantom blinks!
The phantom blinks!
The phantom closely misses your crimson imp.
The phantom hits your crimson imp! The phantom misses your crimson imp.
The phantom closely misses your crimson imp.
The phantom barely misses your crimson imp.
The phantom completely misses your crimson imp.
The phantom closely misses your crimson imp.
The phantom hits your crimson imp but does no damage.
The phantom hits your crimson imp.
The phantom blinks!
Your crimson imp disappears in a puff of smoke!
Casting: Call Imp (safe; 17% risk of failure)
Confirm with . or Enter, or press ? or * to list all spells.
A beastly little devil appears in a puff of flame.
You start resting.
Your crimson imp disappears in a puff of smoke!
A bullfrog skeleton comes into view.
Memorise Conjure Flame, consuming 3 spell levels and leaving 1?
You start memorising the spell.
You continue memorising. x3
You finish memorising.
Spell assigned to 's'.
Casting: Call Imp (safe; 17% risk of failure)
Confirm with . or Enter, or press ? or * to list all spells.
Aiming: Conjure Flame (safe; 34% risk of failure)
Press: ? - help, Dir - move target cursor You miscast Conjure Flame.
You are very lightly contaminated with residual magic.
Heat runs through your body. The bullfrog skeleton hits you.
* * * LOW HITPOINT WARNING * * *
Casting: Conjure Flame (safe; 34% risk of failure)
Confirm with . or Enter, or press ? or * to list all spells.
Aiming: Conjure Flame (safe; 34% risk of failure)
Press: ? - help, Dir - move target cursor The fire ignites!
The bullfrog skeleton completely misses you.
The bullfrog skeleton is engulfed in blazing flames.
The bullfrog skeleton hits you.
You die...

..........#.#
#.##.#.# #..#(#
#.##.#.# #.)#.#
#.##.#.# #....###
#.##.#.# #).#....
# ##.##.#.#
#..#####
#.##...#.#.# #..#
#..........####..#
####[@Z#........(#
##...........##
#############


You could see a bullfrog skeleton.

Vanquished Creatures
  An ogre (D:4)
  Jessica (D:3)
  A worker ant (D:4)
  An adder (D:4)
  A leopard gecko (D:4)
  An orc (D:4)
  5 giant cockroaches
  A hobgoblin (D:2)
  A jackal (D:4)
  A quokka (D:4)
  2 bats
  A frilled lizard (D:3)
  3 goblins
  A quokka skeleton (D:4)
  2 rats
23 creatures vanquished.

Notes
Turn   | Place    | Note
-------+----------+-------------------------------------------
     0 | D:1      | Amnesiac the Mummy Wizard began the quest for the Orb.
     0 | D:1      | Reached XP level 1. HP: 13/13 MP: 5/5
    12 | D:1      | Reached skill level 1 in Conjurations
   475 | D:2      | Reached XP level 2. HP: 19/19 MP: 0/7
   479 | D:2      | Learned a level 2 spell: Call Imp
   482 | D:2      | Learned a level 2 spell: Blink
   763 | D:3      | Noticed Jessica
   768 | D:3      | Killed Jessica
   768 | D:3      | Reached XP level 3. HP: 21/24 MP: 2/8
   773 | D:3      | Learned a level 3 spell: Mephitic Cloud
  1114 | D:4      | Reached XP level 4. HP: 30/30 MP: 6/10
  1202 | D:4      | Noticed an ogre
  1214 | D:4      | Killed an ogre
  1214 | D:4      | Reached XP level 5. HP: 35/35 MP: 2/11
  1217 | D:4      | Noticed a phantom
  1227 | D:4      | Got an ancient bone ring
  1228 | D:4      | Identified the ring "Xidauwno" {+Blink rElec Dex+6 Stlth+} (You found it on level 4 of the Dungeon)
  1275 | D:4      | HP: 1/35 [phantom (9)]
  1360 | D:4      | Learned a level 3 spell: Conjure Flame
  1364 | D:4      | Slain by a bullfrog skeleton

Vault maps used:
D:1:      dpeg_arrival_shelter, st_stairs_13, hex_large
D:2:      lemuel_round_altar, uniq_terence
D:3:      grunt_temple_overflow_lords_of_destruction, lemuel_doored_altar,
          chequers_ecumenical_altar_twisty, uniq_jessica
D:4:      minmay_temple_entry_mist, first_ration

Skill      XL: |  1  2  3  4 |
---------------+-------------+-----
Conjurations   | 1 |  1.0
Dodging        | 2 3 4 |  4.4
Stealth        | |  1.5
Spellcasting   | |  4.0
Summonings     | |  0.7
Translocations | |  0.7

Action                   |  1- 3 |  4- 6 || total
-------------------------+-------+-------++-------
Melee: Unarmed           |    22 |       ||    22
       Quarterstaff      |     4 |    18 ||    22
 Cast: Magic Dart        |    61 |     2 ||    63
       Mephitic Cloud    |     1 |     1 ||     2
       Call Imp          |       |     6 ||     6
       Conjure Flame     |       |     1 ||     1
 Stab: Confused          |     1 |       ||     1
Armor: Robe              |     9 |       ||     9
Dodge: Dodged            |    23 |     9 ||    32

Table legend:
 A = Spawn XP
 B = Non-spawn XP
 C = Spawn XP percentage of total XP
 D = Spawn monster count
 E = Non-spawn monster count
 F = Spawn count percentage of total count
 G = Total turns spent on level
                    A         B        C        D         E        F      G
               +---------+---------+-------+---------+---------+-------+---------
         Total |       0 |     229 |   0.0 |       0 |      23 |   0.0 |  1364
               +---------+---------+-------+---------+---------+-------+---------
           D:1 |       0 |       7 |   0.0 |       0 |       4 |   0.0 |   239
           D:2 |       0 |      10 |   0.0 |       0 |       6 |   0.0 |   426
           D:3 |       0 |      43 |   0.0 |       0 |       5 |   0.0 |   197
           D:4 |       0 |     169 |   0.0 |       0 |       8 |   0.0 |   502
               +---------+---------+-------+---------+---------+-------+---------
